 Dungeon Crawl Stone Soup version 0.22.1-1-ga44c0e5 (webtiles) character file.

315 Lauz the Magician (level 6, -2/32 HPs)
             Began as a Deep Elf Wizard on Nov 2, 2018.
             Slain by an orc
             ... wielding a +6 flail
              (12 damage)
             ... on level 5 of the Dungeon.
             The game lasted 00:18:16 (3776 turns).

Lauz the Magician (Deep Elf Wizard)                 Turns: 3776, Time: 00:18:17

Health: -2/32      AC:  2    Str:  4    XL:     6   Next: 19%
Magic:  6/17       EV: 13    Int: 25    God:
Gold:   168        SH:  0    Dex: 13    Spells: 3/18 levels left

rFire    . . .     SeeInvis .   (no weapon)
rCold    + . .     Gourm    .   (no shield)
rNeg     . . .     Faith    .   a - +0 robe
rPois    .         Spirit   .   b - +0 hat
rElec    .         Reflect  .   (no cloak)
rCorr    .         Harm     .   (no gloves)
MR       +....                  (no boots)
Stlth    ++........             (no amulet)
HPRegen  0.10/turn              f - ring of protection from cold
MPRegen  0.15/turn              h - ring of protection from magic

@: no status effects
A: no striking features
a: no special abilities


You were on level 5 of the Dungeon.
You were hungry.

You visited 1 branch of the dungeon, and saw 5 of its levels.

You collected 168 gold pieces.

Inventory:

Armour
 a - a +0 robe (worn)
 b - a +0 hat (worn)
Jewellery
 f - a ring of protection from cold (left hand)
 h - a ring of protection from magic (right hand)
Wands
 m - a wand of iceblast (7)
Scrolls
 e - 2 scrolls of remove curse
 k - a scroll of fear {unknown}
 l - a scroll of noise
 o - a scroll of immolation {unknown}
 q - a scroll of amnesia {unknown}
 t - a scroll of blinking {unknown}
 u - a scroll of enchant armour {unknown}
Potions
 c - a potion of curing
 g - 2 potions of lignification {unknown}
 n - a potion of haste {unknown}
 p - a potion of brilliance {unknown}
 r - a potion of cancellation {unknown}
 s - a potion of heal wounds {unknown}
Comestibles
 d - 7 rations
 v - 2 chunks of flesh


   Skills:
 - Level 0.1 Fighting
 - Level 2.6 Dodging
 - Level 2.4 Stealth
 + Level 6.8 Spellcasting
 * Level 4.1 Conjurations
 + Level 2.0 Summonings
 + Level 1.1 Translocations
 * Level 1.6 Fire Magic
 - Level 1.2 Air Magic


You had 3 spell levels left.
You knew the following spells:

 Your Spells              Type           Power        Failure   Level  Hunger
a - Magic Dart            Conj           ####         1%          1    None
b - Mephitic Cloud        Conj/Pois/Air  ###.....     10%         3    None
c - Conjure Flame         Conj/Fire      ###.....     6%          3    None
d - Call Imp              Summ           ###.....     4%          2    None
e - Sticky Flame          Conj/Fire      ###.....     21%         4    ###....
f - Blink                 Tloc           N/A          7%          2    None

Your spell library contained the following spells:

 Spells                   Type           Power        Failure   Level  Hunger
 Flame Tongue             Conj/Fire      ###..        1%          1    None
 Throw Flame              Conj/Fire      ###...       3%          2    None
 Slow                     Hex            #.......     11%         2    None
 Inner Flame              Hex/Fire       ##......     14%         3    None
 Fireball                 Conj/Fire      ###.......   50%         5    #####..
 Haunt                    Necr/Summ      ##........   100%        7    #######
 Borgnjor's Revivificati  Necr           #.........   100%        8    #######
 Death's Door             Chrm/Necr      #.........   100%        8    #######
 Infestation              Necr           #.........   100%        8    #######
 Necromutation            Tmut/Necr      #.........   100%        8    #######


Dungeon Overview and Level Annotations

Branches:
Dungeon (5/15)
 Temple: D:4-7

Altars:
Okawaru

Annotations:
D:5 Dowan, Duvessa


Message History

Casting: Blink (safe; 7% risk of failure)
Confirm with . or Enter, or press ? or * to list all spells.
You blink.
The centaur closely misses you. The adder zombie misses you.
Casting: Blink (safe; 7% risk of failure)
Confirm with . or Enter, or press ? or * to list all spells.
You blink.
The adder zombie bites you. The adder zombie barely misses you.
The adder zombie closely misses you.
An adder comes into view.
An orc comes into view. It is wielding an enchanted flail.
The howler monkey howls!
You hear an angry hiss.
You hear a shout!
The howler monkey hoots and howls with incredible vigour!
The howler monkey misses you.
You hear an angry hiss.
The howler monkey hits you.
A worm comes into view.
The adder zombie bites you but does no damage.
Found a centaur barding.
The orc hits you with an enchanted flail!
You die...

#.#.###.#####
#.#....a...a#
#.#.###.###.# #.#
#.# #.#
[##########a#####.#
#c#
.'......c.........#
#a#
.###...Z###.#######
#.#
........o.h...####
#O#
##.....@S........#
#.#
.......w..a.#.##.#
#.#
..........#..$.#.#
#.#
.#.######......#.#
#.# ... .......>.#
#.# .# .$...##.#.#
#.# ##.#.## #.# #.#
.= #†# #.#
#########.# #.#


You could see a centaur, a worm, a howler monkey, a worker ant, an adder, an orc
and an adder zombie.

Vanquished Creatures
  An ogre (D:4)
  A water moccasin skeleton (D:4)
  A centaur skeleton (D:4)
  A hound (D:5)
  A worker ant (D:4)
  3 gnolls (D:2)
  2 adders (D:3)
  An ooze (D:2)
  3 dart slugs (D:1)
  2 leopard geckos
  A ball python (D:1)
  2 giant cockroaches
  2 goblins
  5 hobgoblins
  3 jackals (D:2)
  4 bats
  4 frilled lizards
  4 kobolds
  A leopard gecko skeleton (D:4)
  5 rats
47 creatures vanquished.

Vanquished Creatures (collateral kills)
  A centaur skeleton (D:4)
  An iguana (D:4)
  A worker ant (D:4)
  An adder (D:3)
  An ooze (D:3)
  A leopard gecko (D:3)
  A hobgoblin (D:3)
  A quokka (D:3)
  A ball python (D:3)
  A bat (D:3)
10 creatures vanquished.

Grand Total: 57 creatures vanquished

Notes
Turn   | Place    | Note
-------+----------+-------------------------------------------
     0 | D:1      | Lauz the Deep Elf Wizard began the quest for the Orb.
     0 | D:1      | Reached XP level 1. HP: 10/10 MP: 7/7
    91 | D:1      | Noticed a redback
    91 | D:1      | Noticed a swamp worm
    92 | D:1      | Noticed a wyvern
    92 | D:1      | Noticed a black mamba
   343 | D:1      | Reached skill level 5 in Spellcasting
   343 | D:1      | Reached XP level 2. HP: 15/15 MP: 5/10
  1264 | D:2      | Reached XP level 3. HP: 19/19 MP: 4/11
  1334 | D:2      | Learned a level 3 spell: Mephitic Cloud
  1338 | D:2      | Learned a level 3 spell: Conjure Flame
  1971 | D:2      | Reached XP level 4. HP: 24/24 MP: 5/13
  2355 | D:3      | Learned a level 2 spell: Call Imp
  2389 | D:3      | Reached skill level 1 in Air Magic
  2547 | D:3      | Found an iron altar of Okawaru.
  2775 | D:3      | You fall through a shaft for 2 floors!
  2775 | D:5      | Entered Level 5 of the Dungeon
  2775 | D:5      | Noticed Duvessa
  2775 | D:5      | Noticed Dowan
  2791 | D:4      | Learned a level 4 spell: Sticky Flame
  2806 | D:4      | Noticed an ogre
  2848 | D:4      | Reached skill level 6 in Spellcasting
  3018 | D:4      | Learned a level 2 spell: Blink
  3107 | D:4      | Reached XP level 5. HP: 19/28 MP: 2/15
  3108 | D:4      | Killed an ogre
  3108 | D:4      | Reached skill level 1 in Fire Magic
  3387 | D:4      | Reached XP level 6. HP: 32/32 MP: 12/17
  3776 | D:5      | Slain by an orc

Skill      XL: |  1  2  3  4  5  6 |
---------------+-------------------+-----
Spellcasting   | 5 6 |  6.8
Conjurations   | 2 3 4 |  4.1
Air Magic      | 1 |  1.2
Fire Magic     | 1 |  1.6
Summonings     | 2 |  2.0
Fighting       | |  0.1
Dodging        | |  2.6
Stealth        | |  2.4
Translocations | |  1.1

Action                   |  1- 3 |  4- 6 || total
-------------------------+-------+-------++-------
 Cast: Magic Dart        |    97 |    56 ||   153
       Mephitic Cloud    |     4 |     4 ||     8
       Conjure Flame     |     2 |       ||     2
       Call Imp          |       |    19 ||    19
       Sticky Flame      |       |     1 ||     1
       Blink             |       |     4 ||     4
  Use: Scroll            |       |     4 ||     4
       Potion            |       |     1 ||     1
  Eat: Chunk             |     3 |     5 ||     8
Armor: Robe              |     8 |     3 ||    11
Dodge: Dodged            |    18 |    17 ||    35
